 Dungeon Crawl Stone Soup version 0.22.1-2-g9c5b331 (webtiles) character file.

1521 Harpaggios the Sneak (level 8, 0/42 HPs)
             Began as a Vine Stalker Enchanter on Dec 31, 2018.
             Succumbed to a worker ant's poison
             ... on level 6 of the Dungeon.
             The game lasted 00:21:29 (4980 turns).

Harpaggios the Sneak (Vine Stalker Enchanter)       Turns: 4980, Time: 00:21:30

Health: 0/42       AC:  4    Str: 10    XL:     8   Next: 84%
Magic:  2/16       EV: 12    Int: 15    God:
Gold:   49         SH:  0    Dex: 18    Spells: 11/17 levels left

rFire    . . .     SeeInvis .   j - +1 dagger (venom)
rCold    . . .     Gourm    .   (no shield)
rNeg     + . .     Faith    .   r - +2 robe {MR+}
rPois    .         Spirit   +   (no helmet)
rElec    .         Reflect  .   (no cloak)
rCorr    .         Harm     .   (no gloves)
MR       ++...                  (no boots)
Stlth    ++++......             i - amulet of magic regeneration
HPRegen  0.54/turn              m - ring of positive energy
MPRegen  0.40/turn              (no ring)

@: lethally poisoned (0 -> -4), hasted, very quick
A: fangs 3, regeneration 1, magic shield, antimagic bite, no potion heal 3, rot
immunity
a: no special abilities


You were on level 6 of the Dungeon.
You were hungry.

You visited 1 branch of the dungeon, and saw 6 of its levels.
You also visited: Sewer.

You collected 137 gold pieces.
You spent 88 gold pieces at shops.

Inventory:

Hand Weapons
 j - a +1 dagger of venom (weapon)
Armour
 r - a +2 robe of magic resistance (worn)
Jewellery
 i - an amulet of magic regeneration (around neck)
 m - a ring of positive energy (left hand)
Scrolls
 b - a scroll of immolation {unknown}
 e - 5 scrolls of identify
 g - a scroll of blinking {unknown}
 n - a scroll of teleportation {unknown}
 p - 3 scrolls of amnesia {unknown}
 s - a scroll of enchant weapon {unknown}
 t - a scroll of remove curse
Potions
 a - a potion of curing
 f - 2 potions of brilliance
 k - 2 potions of flight
 o - a potion of lignification
 q - a potion of might {unknown}
 u - a potion of mutation {unknown}
Comestibles
 c - 4 chunks of flesh
 d - 11 rations


   Skills:
 * Level 4.1 Fighting
 + Level 4.0 Short Blades
 - Level 1.5 Dodging
 + Level 6.8 Stealth
 * Level 5.2 Spellcasting
 + Level 6.1 Hexes


You had 11 spell levels left.
You knew the following spells:

 Your Spells              Type           Power        Failure   Level  Hunger
a - Corona                Hex            ###....      1%          1    None
b - Ensorcelled Hibernat  Hex/Ice        ##....       7%          2    ##.....
c - Tukima's Dance        Hex            ###.....     3%          3    ###....

Your spell library contained the following spells:

 Spells                   Type           Power        Failure   Level  Hunger
 Confuse                  Hex            ###.....     3%          3    ###....
 Dazzling Spray           Conj/Hex       ##....       14%         3    ###....


Dungeon Overview and Level Annotations

Branches:
Dungeon (6/15)             Temple (0/1) D:6

Altars:
Makhleb
Ru
Trog
Yredelemnul

Shops:
D:5 [


Innate Abilities, Weirdness & Mutations

You have razor-sharp teeth.
Your natural rate of healing is unusually fast.
When hurt, damage is shared between your health and your magic reserves.
Your bite disrupts and absorbs the magic of your enemies.
Potions cannot restore your health.
You are immune to rotting.


Message History

The howler monkey hits you.
* * * LOW HITPOINT WARNING * * *
The worker ant bites you but does no damage.
The worker ant closely misses you.
The freed slave closely misses the howler monkey.
The howler monkey hoots and howls with incredible vigour!
The worker ant bites you.
* * * LOW HITPOINT WARNING * * *
You hear an angry hiss.
You feel yourself speed up.
You feel sick.
The freed slave hits the howler monkey!
The howler monkey dies!
The worker ant bites you.
* * * LOW HITPOINT WARNING * * *
A howler monkey comes into view.
The worker ant bites you!
* * * LOW HITPOINT WARNING * * *
You are lethally poisoned!
The worker ant poisons you!
You die...

##.#...#. #........
#####.#.###
#.........#
#.........#
#####.>..pp...###..
...h.....[aa.......
..............###..
#####...)<@...#
#..?.......#
#..........#
#...........#
#.............
...##########...
#.z# .... #.# ...


You could see a howler monkey, 2 worker ants and 2 neutral freed slaves.

Vanquished Creatures
  Pikel (D:6)
  A slave (D:6)
  An ice beast (D:5)
  2 ogres (D:4)
  A crocodile (Sewer)
  A bullfrog (D:6)
  2 scorpions (D:4)
  A howler monkey (D:5)
  A crimson imp (D:5)
  3 hounds
  A jelly (D:5)
  A centaur skeleton (D:4)
  5 worker ants
  A hound zombie (D:6)
  10 adders
  An ooze (D:5)
  4 worms
  A dart slug (D:1)
  3 leopard geckos
  14 orcs
  A ball python (D:1)
  6 bats
  10 giant cockroaches
  8 goblins
  6 hobgoblins
  6 jackals
  7 kobolds
  A quokka (D:2)
  2 frilled lizards
  5 rats
107 creatures vanquished.

Vanquished Creatures (others)
  A howler monkey (D:6)
  A hound (D:6)
2 creatures vanquished.

Grand Total: 109 creatures vanquished

Notes
Turn   | Place    | Note
-------+----------+-------------------------------------------
     0 | D:1      | Harpaggios the Vine Stalker Enchanter began the quest for
                  | the Orb.
     0 | D:1      | Reached XP level 1. HP: 9/9 MP: 4/4
    82 | D:1      | Reached skill level 1 in Short Blades
   103 | D:1      | Reached XP level 2. HP: 3/13 MP: 6/6
   861 | D:2      | Reached XP level 3. HP: 7/16 MP: 3/7
  1592 | D:2      | Learned a level 2 spell: Ensorcelled Hibernation
  1593 | D:2      | Gained mutation: Your natural rate of healing is unusually
                  | fast. [Vine Stalker growth]
  1593 | D:2      | Reached XP level 4. HP: 21/21 MP: 5/8
  1771 | D:2      | Learned a level 3 spell: Tukima's Dance
  2034 | D:2      | Found a sacrificial altar of Ru.
  2420 | D:3      | Reached XP level 5. HP: 24/24 MP: 7/9
  2784 | D:3      | Found a glowing drain.
  2817 | Sewer    | Entered a sewer
  2895 | Sewer    | Noticed a crocodile
  2923 | Sewer    | Killed a crocodile
  2923 | Sewer    | Reached skill level 5 in Stealth
  2923 | Sewer    | Reached skill level 5 in Hexes
  2923 | Sewer    | Reached XP level 6. HP: 23/28 MP: 7/10
  3501 | D:4      | Reached skill level 1 in Fighting
  3515 | D:4      | Reached XP level 7. HP: 33/33 MP: 12/12
  3891 | D:5      | Entered Level 5 of the Dungeon
  4000 | D:5      | Found Xoamitate's Antique Armour Emporium.
  4060 | D:5      | Bought a glowing robe for 88 gold pieces
  4167 | D:5      | Found a basalt altar of Yredelemnul.
  4326 | D:5      | Found a burning altar of Makhleb.
  4356 | D:5      | Gained mutation: You have razor-sharp teeth. [Vine Stalker
                  | growth]
  4356 | D:5      | Reached XP level 8. HP: 39/39 MP: 13/15
  4695 | D:5      | Noticed a moth of wrath
  4697 | D:5      | Found a bloodstained altar of Trog.
  4892 | D:6      | Found a staircase to the Ecumenical Temple.
  4898 | D:6      | Noticed Pikel
  4964 | D:6      | Killed Pikel
  4964 | D:6      | Reached skill level 5 in Spellcasting
  4979 | D:6      | HP: 1/42 [worker ant (2)]
  4980 | D:6      | Succumbed to a worker ant's poison

Skill      XL: |  1  2  3  4  5  6  7  8 |
---------------+-------------------------+-----
Short Blades   | 1 2 3 4 |  4.0
Stealth        | 4 5 6 |  6.8
Hexes          | 4 5 6 |  6.1
Fighting       | 1 2 4 |  4.1
Spellcasting   | 3 4 5 |  5.2
Dodging        | |  1.5

Action                   |  1- 3 |  4- 6 |  7- 9 || total
-------------------------+-------+-------+-------++-------
Melee: Dagger            |    65 |   158 |   142 ||   365
       Bite              |    12 |    26 |    53 ||    91
 Cast: Corona            |     4 |       |     2 ||     6
       Ensorcelled Hiber |     1 |     3 |     3 ||     7
  Use: Scroll            |     3 |     3 |     1 ||     7
       Potion            |     2 |     2 |     5 ||     9
 Stab: Sleeping          |     5 |    11 |     7 ||    23
  Eat: Chunk             |     2 |     6 |     5 ||    13
Armor: Robe              |     7 |    16 |    18 ||    41
Dodge: Dodged            |    47 |    77 |    59 ||   183
